AoeStats
← RightfulYeti

Arabia

505266258Analyzed
2v2 RM · 25d ago on Sep 8, 2026· 29m 10s· 4 players
Game mode
Random Map
Map size
Medium (4 player)
Population
200
Speed
Normal
Resources
Standard
Victory
Conquest
Starting age
Dark Age
Ending age
Imperial Age
RankedLock teamsTeams togetherTeam positionsShared explorationLock speedFull tech treeHidden civsTurbo modeCheats
Victory
Defeat
🇬🇧 Goths · United Kingdom
1054
+15
🇨🇾 Khmer · Cyprus
1044
+16
🇸🇪 Burgundians · Sweden
1041
-15
🇩🇰 Tatars · Denmark
1040
-16
RightfulYeti
8:41 Loom
10:49 Feudal Age
10:49 Double-Bit Axe
10:45 Horse Collar
12:16 Bow Saw
17:47 Heavy Plow
21:09 Castle Age
20:10 Forging
20:23 Gold Mining
21:03 Scale Barding Armor
22:17 Wheelbarrow
21:14 Cavalier
22:39 Husbandry
26:13 Iron Casting
28:02 Town Watch
29:50 Two-Man Saw
Unbesiegbar !!
10:43 Feudal Age
10:24 Loom
14:04 Man-at-Arms
gamtila
0:44 Loom
9:20 Feudal Age
9:21 Man-at-Arms
9:52 Double-Bit Axe
21:27 Castle Age
19:47 Bloodlines
20:18 Scale Barding Armor
22:08 Horse Collar
24:26 Bow Saw
27:30 Pikeman
28:11 Squires
28:34 Husbandry
Dalton
2:28 Loom
6:29 Loom
9:40 Feudal Age
10:35 Double-Bit Axe
15:40 Town Watch
19:04 Castle Age
19:25 Bloodlines
19:08 Light Cavalry
19:48 Husbandry
Connection lost

Rejoining the realm…

Still unreachable

The connection could not be restored.

Session expired

The server has moved on; the page needs a fresh start.